 Dungeon Crawl Stone Soup version 0.22-a0-430-g6609fc65db (webtiles) character file.

457 Manul the Slasher (level 6, -7/47 HPs)
             Began as a Demonspawn Gladiator on May 26, 2018.
             Was an Initiate of Gozag.
             Mangled by Pikel
             ... wielding a +2 whip of electrocution
              (18 damage)
             ... on level 5 of the Dungeon.
             The game lasted 00:04:55 (3913 turns).

Manul the Slasher (Demonspawn Gladiator)            Turns: 3913, Time: 00:04:57

Health: -7/47      AC:  4    Str: 14    XL:     6   Next: 77%
Magic:  15/15      EV: 15    Int:  9    God:    Gozag
Gold:   297        SH:  0    Dex: 17    Spells: 5/5 levels left

rFire    . . .     SeeInvis .   a - +0 long sword
rCold    . . .     Gourm    .   (no shield)
rNeg     . . .     Faith    .   b - +0 leather armour
rPois    .         Spirit   .   c - +0 helmet
rElec    .         Reflect  .   (no cloak)
rCorr    .         Harm     .   (no gloves)
MR       .....                  (no boots)
Stlth    ++........             l - amulet of regeneration
HPRegen  0.55/turn              g - ring of magical power
MPRegen  0.14/turn              o - +2 ring of evasion

@: no status effects
A: hooves 1, demonic guardian 1
a: Potion Petition, Call Merchant, Bribe Branch, Renounce Religion


You were on level 5 of the Dungeon.
You worshipped Gozag.
Gozag was aware of your devotion.
You were not hungry.

You visited 1 branch of the dungeon, and saw 5 of its levels.

You collected 338 gold pieces.
You paid 41 gold pieces to Gozag.

Inventory:

Hand Weapons
 a - a +0 long sword (weapon)
 h - a +1 short sword of venom
 x - a +1 whip of flaming
Missiles
 d - 2 throwing nets (quivered)
Armour
 b - a +0 leather armour (worn)
 c - a +0 helmet (worn)
Jewellery
 g - a ring of magical power (left hand)
 l - an amulet of regeneration (around neck)
 o - a +2 ring of evasion (right hand)
 p - an uncursed amulet of harm {unknown}
Scrolls
 e - 2 scrolls of magic mapping {unknown}
 i - a scroll of fear
 j - 2 scrolls of identify {unknown}
 k - a scroll of fog
 n - 2 scrolls of enchant weapon {unknown}
 q - a scroll of blinking {unknown}
 s - a scroll of amnesia {unknown}
 w - a scroll of immolation {unknown}
 y - 2 scrolls of teleportation {unknown}
 B - 3 scrolls of remove curse {unknown}
Potions
 m - a potion of berserk rage
 t - a potion of lignification
 u - a potion of degeneration {unknown}
 v - a potion of heal wounds
 z - a potion of magic
 A - a potion of might {unknown}
Comestibles
 f - 9 rations


   Skills:
 + Level 3.4 Fighting
 + Level 5.0 Long Blades
 + Level 2.0 Throwing
 + Level 2.3 Armour
 + Level 3.5 Dodging
 + Level 1.5 Stealth


You had 5 spell levels left.
You didn't know any spells.
Your spell library was empty.

Dungeon Overview and Level Annotations

Branches:
Dungeon (5/15)             Temple (0/1) D:4

Altars:
Gozag
Trog
Uskayaw
The Shining One

Annotations:
D:4 Asanbosam's ghost, amateur GnWn; Blork the orc
D:5 Pikel


Innate Abilities, Weirdness & Mutations

You have large cloven feet.
A weak demonic guardian rushes to your aid.


Message History

Your kick misses Pikel.
Pikel is almost dead.
You hit Pikel but do no damage. Your kick misses Pikel.
Pikel is almost dead.
Pikel hits you with a whip of electrocution.
Unknown command.
You are too injured to fight recklessly!
You are too injured to fight recklessly!
You are too injured to fight recklessly!
You are too injured to fight recklessly!
You barely miss Pikel. You kick Pikel.
Pikel is almost dead.
Pikel hits you with a whip of electrocution.
You closely miss Pikel.
Pikel is almost dead.
Pikel hits you with a whip of electrocution!
* * * LOW HITPOINT WARNING * * *
You are electrocuted!
You die...
Your body crumbles into a pile of gold.

# # ##### #[ #...# ... +#
..#.# #.# ... #...# #.#
..?. .#.## ##.## .....
....#########.(.####p.....
...............5@Kppp.....
$
....#########...####......
.#### ##.## ..... .#
####.#### .... .#
#.......# ... .# #.......#
#+# .# #....^..# #.# .#
#.......# #.# ## #.......#
##.##


You could see Pikel, 4 slaves and a friendly white imp.

Vanquished Creatures
  Menkaure (D:4)
  A crimson imp (D:3)
  A hound (D:4)
  3 orc priests (D:4)
  A worker ant (D:4)
  An orc wizard (D:4)
  5 adders
  6 gnolls (D:4)
  3 leopard geckos
  3 orcs
  7 bats
  4 giant cockroaches
  5 goblins
  8 hobgoblins
  7 kobolds
  3 quokkas
  11 frilled lizards
  A leopard gecko skeleton (D:4)
  7 rats
78 creatures vanquished.

Vanquished Creatures (collateral kills)
  A dart slug (D:3)
1 creature vanquished.

Grand Total: 79 creatures vanquished

Notes
Turn   | Place    | Note
-------+----------+-------------------------------------------
     0 | D:1      | Manul the Demonspawn Gladiator began the quest for the Orb.
     0 | D:1      | Reached XP level 1. HP: 16/16 MP: 1/1
    34 | D:1      | Reached skill level 3 in Long Blades
    45 | D:1      | Gained mutation: A weak demonic guardian rushes to your aid. [demonic ancestry]
    45 | D:1      | Reached XP level 2. HP: 4/22 MP: 2/2
   457 | D:1      | Found a glowing golden altar of the Shining One.
   987 | D:1      | Reached XP level 3. HP: 27/27 MP: 3/3
  1432 | D:2      | Found a bloodstained altar of Trog.
  1867 | D:3      | Reached XP level 4. HP: 34/34 MP: 4/4
  1896 | D:3      | Reached skill level 1 in Armour
  2245 | D:3      | Found an opulent altar of Gozag.
  2273 | D:3      | Became a worshipper of Gozag Ym Sagoz the Greedy
  2490 | D:4      | Noticed a dagger
  2490 | D:4      | Noticed a hand axe
  2491 | D:4      | Found a hide-covered altar of Uskayaw.
  2491 | D:4      | Noticed Menkaure
  2503 | D:4      | Killed Menkaure
  2503 | D:4      | Reached skill level 4 in Long Blades
  2503 | D:4      | Reached skill level 1 in Stealth
  2503 | D:4      | Reached XP level 5. HP: 3/40 MP: 5/5
  2621 | D:4      | Noticed Blork the orc
  2687 | D:4      | Gained mutation: You have large cloven feet. [demonic ancestry]
  2687 | D:4      | Reached XP level 6. HP: 31/46 MP: 6/6
  3095 | D:4      | Noticed Asanbosam's ghost (amateur GnWn)
  3151 | D:4      | HP: 1/47 [something/puff of flame (8)]
  3264 | D:4      | Reached skill level 5 in Long Blades
  3283 | D:4      | Found a staircase to the Ecumenical Temple.
  3467 | D:5      | Entered Level 5 of the Dungeon
  3886 | D:5      | Noticed Pikel
  3886 | D:5      | Noticed a slave
  3886 | D:5      | Noticed a slave
  3886 | D:5      | Noticed a slave
  3886 | D:5      | Noticed a slave
  3913 | D:5      | Mangled by Pikel

Vault maps used:
D:1:      roderic_dead_forest, tso_altar
D:2:      lemuel_crystal_altar
D:3:      nicolae_gozag_seed_capital
D:4:      dancing_weapons_uskayaw, minmay_temple_entry_fiery, uniq_menkaure,
          uniq_blork_the_orc
D:5:      first_ration, uniq_pikel

Skill      XL: |  1  2  3  4  5  6 |
---------------+-------------------+-----
Long Blades    | 3 4 5 |  5.0
Throwing       | 2 |  2.0
Dodging        | 3 |  3.5
Armour         | 1 2 |  2.3
Stealth        | 1 |  1.5
Fighting       | 3 |  3.4

Action                   |  1- 3 |  4- 6 || total
-------------------------+-------+-------++-------
Melee: Short sword       |    51 |       ||    51
       Long sword        |    53 |   176 ||   229
       Kick              |       |    20 ||    20
Throw: Throwing net      |       |     2 ||     2
  Use: Potion            |       |     9 ||     9
       Scroll            |       |     2 ||     2
 Stab: Sleeping          |       |     2 ||     2
       Distracted        |       |     1 ||     1
       Held in net/web   |       |     1 ||     1
  Eat: Chunk             |     2 |     3 ||     5
       Ration            |       |     2 ||     2
Armor: Leather armour    |    30 |    34 ||    64
       Skin              |       |    17 ||    17
Dodge: Dodged            |    80 |   113 ||   193
       Rpst.: Long sword |    11 |    41 ||    52

Table legend:
 A = Spawn XP
 B = Non-spawn XP
 C = Spawn XP percentage of total XP
 D = Spawn monster count
 E = Non-spawn monster count
 F = Spawn count percentage of total count
 G = Total turns spent on level
                    A         B        C        D         E        F      G
               +---------+---------+-------+---------+---------+-------+---------
         Total |       0 |     653 |   0.0 |       0 |      79 |   0.0 |  3913
               +---------+---------+-------+---------+---------+-------+---------
           D:1 |       0 |      42 |   0.0 |       0 |      25 |   0.0 |  1128
           D:2 |       0 |      15 |   0.0 |       0 |       9 |   0.0 |   707
           D:3 |       0 |     107 |   0.0 |       0 |      21 |   0.0 |   673
           D:4 |       0 |     484 |   0.0 |       0 |      21 |   0.0 |   959
           D:5 |       0 |       5 |   0.0 |       0 |       3 |   0.0 |   446
               +---------+---------+-------+---------+---------+-------+---------
